 Dungeon Crawl Stone Soup version 0.29-a0-338-g1ff7896281 (webtiles) character file.

Game seed: 2587445769675765896

53 avis the Ruffian (level 3, -3/34 HPs)
             Began as a Hill Orc Monk on Apr 18, 2022.
             Slain by Sigmund
             ... wielding a +0 scythe
              (8 damage)
             ... on level 2 of the Dungeon.
             The game lasted 00:07:34 (2221 turns).

avis the Ruffian (Hill Orc Monk)                    Turns: 2221, Time: 00:07:34

Health: -3/34      AC:  6    Str: 15    XL:     3   Next: 87%
Magic:  3/3        EV: 11    Int: 10    God:
Gold:   93         SH:  0    Dex: 13    Spells: 2/2 levels left

rFire   . . .      SeeInvis .     - Unarmed
rCold   . . .      Faith    .   (no shield)
rNeg    . . .      Spirit   .   t - +0 ring mail
rPois   .          Reflect  .   (no helmet)
rElec   .          Harm     .   g - +0 cloak
rCorr   .          Rampage  .   (no gloves)
Will    .....                   (no boots)
Stlth   +.........              (no amulet)
HPRegen 0.11/turn               (no ring)
MPRegen 0.08/turn               (no ring)

@: no status effects
A: no striking features
a: no special abilities


You were on level 2 of the Dungeon.
You visited 1 branch of the dungeon, and saw 2 of its levels.

You collected 93 gold pieces.

Inventory:

Hand Weapons
 b - a +0 hunting sling
Missiles
 e - 80 stones (quivered)
 p - 9 poisoned darts
Armour
 a - a +0 robe
 g - a +0 cloak (worn)
 m - a +0 leather armour
 t - a +0 ring mail (worn)
Magical Staves
 u - a staff of conjuration
Scrolls
 c - a scroll of enchant armour {unknown}
 n - a scroll of vulnerability {unknown}
 o - 3 scrolls of silence {unknown}
 q - a scroll of identify
 r - a scroll of blinking {unknown}
 s - a scroll of teleportation {unknown}
Potions
 f - a potion of heal wounds {unknown}
 h - a potion of mutation {unknown}
 i - a potion of ambrosia
 j - 2 potions of brilliance
 k - a potion of berserk rage {unknown}
 l - a potion of haste {unknown}


   Skills:
 + Level 4.3 Fighting
 - Level 2.4 Dodging
 - Level 1.5 Stealth
 * Level 4.6 Unarmed Combat


You had 2 spell levels left.
You didn't know any spells.
Your spell library was empty.

Dungeon Overview and Level Annotations

Branches:
Dungeon (2/15)

Altars:
Makhleb

Annotations:
D:2 Sigmund


Message History

Found a scroll labelled JAULIW FIXT.
You barely miss Sigmund. Sigmund barely misses you.
You barely miss Sigmund. You closely miss Sigmund.
Sigmund points at you and mumbles some strange words.
The puff of flame hits you!
You hit Sigmund but do no damage. Sigmund casts a spell at you.
You resist with significant effort.
You barely miss Sigmund.
Sigmund gestures wildly while chanting.
Sigmund flickers and vanishes!
Deactivating autopickup; reactivate with Ctrl-A.
You completely miss something.
You hear some strange, mumbled words.
You are confused.
You barely miss something. Something hits you!
You miss something.
You feel better. Something hits you.
You hit something.
You hear some strange, mumbled words.
You are confused.
You feel better. Something hits you!
You barely miss something. You closely miss something. Something hits you.
You hit something. Something hits you but does no damage.
You barely miss something. You closely miss something. Something hits you.
You miss something. You closely miss something. Something hits you.
You closely miss something. Something hits you.
* * * LOW HITPOINT WARNING * * *
You closely miss something. You closely miss something.
You hear some strange, mumbled words.
A magic dart appears from out of thin air!
The magic dart hits you.
* * * LOW HITPOINT WARNING * * *
You barely miss something. Something hits you!
You die...

########.?
#.@{......
##.######.. ##
##..# .## ####..##
..# #....####
#.#### #..###...#
#....###.. ###.#.#
#........###.....#
.....#####......##


There were no monsters in sight!

Vanquished Creatures
  2 worms (D:2)
  2 dart slugs (D:1)
  6 bats
  4 endoplasms
  2 giant cockroaches (D:1)
  9 goblins
  2 hobgoblins
  3 kobolds (D:1)
  A quokka (D:1)
  3 ball pythons (D:1)
  2 frilled lizards
  6 rats (D:1)
42 creatures vanquished.

Notes
Turn   | Place    | Note
-------+----------+-------------------------------------------
     0 | D:1      | avis the Hill Orc Monk began the quest for the Orb.
     0 | D:1      | Reached XP level 1. HP: 19/19 MP: 1/1
   318 | D:1      | Reached XP level 2. HP: 24/27 MP: 2/2
   372 | D:1      | Found a burning altar of Makhleb.
   771 | D:1      | Reached XP level 3. HP: 33/33 MP: 3/3
  1937 | D:2      | Found a faded altar of an unknown god.
  2197 | D:2      | Noticed Sigmund
  2221 | D:2      | Slain by Sigmund

Illustrated notes

Levels and vault maps discovered:
D:1:      psy_arrival_radial02, layout_basic, kennysheep_flooded_box
D:2:      layout_rooms, hellmonk_ecumenical_altar_arch_garden, uniq_sigmund

Skill      XL: |  1  2 |
---------------+-------+-----
Fighting       | 4 |  4.3
Unarmed Combat | 4 |  4.6
Dodging        | |  2.4
Stealth        | |  1.5

Action                   || total
-------------------------++-------
Melee: Unarmed           ||   113
 Fire: Hunting sling     ||    58
Throw: Stone             ||    16
  Use: Scroll            ||     2
       Potion            ||     2
 Stab: Sleeping          ||     1
Armor: Robe              ||    14
       Leather armour    ||     3
       Ring mail         ||     1
Dodge: Dodged            ||    69

Table legend: (Time is in decaauts)
 A = Elapsed time spent in this place.
 B = Non-inter-level travel time spent in this place.
 C = Inter-level travel time spent in this place.
 D = Time resting spent in this place.
 E = Time spent auto-exploring this place.
 F = Levels seen in this place.
 G = Mean time per level.
                   A        B        C        D        E       F      G
               +--------+--------+--------+--------+--------+-----+--------+
         Total |   2236 |   2106 |    130 |    583 |   1014 |   2 | 1118.0 |
       Dungeon |   2236 |   2106 |    130 |    583 |   1014 |   2 | 1118.0 |
               +--------+--------+--------+--------+--------+-----+--------+

Top non-repeatable levels by time:
     D:1: 1599 daAuts
     D:2: 636 daAuts
